 Dungeon Crawl Stone Soup version 0.19-a0-1704-gbd66c22 (webtiles) character file.

26 GrosslyIncandescent the Insei (level 2, -1/24 HPs)
             Began as a Mummy Monk on Sept 27, 2016.
             Slain by an adder (2 damage)
             ... on level 1 of the Dungeon.
             The game lasted 00:00:53 (1045 turns).

GrosslyIncandescent the Insei (Mummy Monk)          Turns: 1045, Time: 00:00:53

Health: -1/24      AC:  1    Str: 14    XL:     2   Next: 89%
Magic:  2/2        EV: 13    Int:  9    God:
Gold:   62         SH:  0    Dex: 14    Spells: 0 memorised, 1 level left

rFire  x . .     SeeInvis .       - Unarmed
rCold  + . .     Gourm    .     (no armour)
rNeg   + + +     Faith    .     (no shield)
rPois  ∞         Spirit   .     (no helmet)
rElec  .         Dismiss  .     (no cloak)
rCorr  .         Reflect  .     (no gloves)
MR     .....     Harm     .     (no boots)
Stlth  ++........               (no amulet)
                                (no ring)
                                (no ring)

@: no status effects
A: no food or potions, fire vulnerability, cold resistance 1, negative energy
resistance 3, torment resistance, unbreathing
a: no special abilities


You were on level 1 of the Dungeon.
You were not hungry.

You visited 1 branch of the dungeon, and saw 2 of its levels.

You collected 62 gold pieces.


Innate Abilities, Weirdness & Mutations

You do not eat or drink.
Your flesh is vulnerable to fire.
You are immune to poison.
Your flesh is cold resistant. (rC+)
You are immune to negative energy. (rN+++)
You are immune to unholy pain and torment.
You can survive without breathing.


   Skills:
 - Level 3.0 Fighting
 - Level 2.4 Dodging
 - Level 1.5 Stealth
 + Level 3.4 Unarmed Combat


You had one spell level left.
You didn't know any spells.

Inventory:

Scrolls
 a - a scroll of identify {unknown}
 b - a scroll of recharging {unknown}

Dungeon Overview and Level Annotations

Branches:
Dungeon (2/15)

Altars:

...8.8.▒▒▒....▒▒.▒..........▒'▒.▒
.......▒ ▒....▒▒.▒▒▒+▒▒▒▒.......▒
▒▒▒▒▒▒▒▒▒▒▒...▒▒.▒▒▒+▒▒▒▒........
.................▒▒....▒▒........
.▒▒▒▒▒▒▒▒.....▒▒.▒▒....▒▒........
...▒.......)..▒▒.........▒▒▒▒....
.........................▒ ▒....
...▒.▒▒▒.........S.......▒▒▒▒.▒..
▒▒▒▒.▒..........M................
▒▒▒▒.▒.▒......................).▒
.......▒.........................
.....▒▒▒.........................
.................................
.................................
.......................▒▒▒▒▒▒....
..)...........w........▒▒▒..'....
▒▒▒▒▒......▒▒............▒.▒▒....


You could see an adder and a dart slug.


Message History

The adder is heavily wounded!
The adder closely misses you!
You miss the adder!
The adder is heavily wounded!
The adder bites you! * * * don't die
* * * The adder barely misses you!
You beat the adder into a bloody pulp!
The adder is severely wounded!
The adder barely misses you!
You closely miss the adder!
The adder is severely wounded!
The adder bites you! * * * don't die
* * * You closely miss the adder!
The adder is severely wounded!
The adder closely misses you!
You closely miss the adder!
The adder is severely wounded!
The adder bites you! * * * don't die
* * * You closely miss the adder!
The adder is severely wounded!
The adder bites you! * * * don't die
* * * A dart slug comes into view!
You beat the adder into a bloody pulp!
The adder is almost dead!
The adder bites you! rip

Action                   || total
-------------------------++-------
Melee: Unarmed           ||    90
       Punch             ||     2
 Stab: Sleeping          ||     1
Armor: Skin              ||     3
Dodge: Dodged            ||    63

Vault maps used:
D:1:      onia_arrival_zoo_common
D:2:      grunt_temple_overflow_open, ecumenical_altar_1, first_bread

Notes
Turn   | Place    | Note
-------+----------+-------------------------------------------
     0 | D:1      | GrosslyIncandescent the Mummy Monk began the quest for the Orb.
     0 | D:1      | Reached XP level 1. HP: 18/18 MP: 1/1
    12 | D:1      | Noticed a wyvern
    12 | D:1      | Noticed a black bear
    13 | D:1      | Noticed a komodo dragon
    13 | D:1      | Noticed a hound
   288 | D:1      | Reached XP level 2. HP: 6/24 MP: 2/2
   290 | D:1      | Reached skill level 3 in Unarmed Combat
  1044 | D:1      | HP: 1/24 [adder (4)]
  1045 | D:1      | Slain by an adder

Vanquished Creatures
  An ooze (D:1)
  A dart slug (D:1)
  2 bats (D:1)
  4 goblins (D:1)
  A hobgoblin (D:1)
  4 jackals (D:1)
  A frilled lizard (D:1)
  4 kobolds (D:1)
18 creatures vanquished.
